AoeStats
← kulechov

Arabia

510813469Analyzed
3v3 RM · 1d ago on Oct 2, 2026· 37m 30s· 6 players
Game mode
Random Map
Map size
Normal (6 player)
Population
200
Speed
Normal
Resources
Standard
Victory
Conquest
Starting age
Dark Age
Ending age
Imperial Age
RankedLock teamsTeams togetherTeam positionsShared explorationLock speedFull tech treeHidden civsTurbo modeCheats
Victory
Defeat
🇺🇸 Armenians · United States
1263
+11
🇷🇴 Georgians · Romania
1246
+12
🇺🇸 Mapuche · United States
1171
+15
🇦🇷 Persians · Argentina
1245
-16
🇦🇷 Magyars · Argentina
1149
-13
🇦🇷 Mongols · Argentina
1058
-9
kulechov
4:26 Loom
6:57 Loom
10:03 Feudal Age
10:38 Double-Bit Axe
11:05 Horse Collar
19:01 Castle Age
18:01 Gold Mining
19:54 Wheelbarrow
19:36 Bloodlines
20:12 Bow Saw
20:06 Husbandry
22:56 Scale Barding Armor
25:10 Chain Barding Armor
26:47 Hand Cart
28:20 Forging
35:52 Parthian Tactics
35:19 Fletching
36:04 Iron Casting
37:49 Thumb Ring
37:40 Bodkin Arrow
Khuga
4:39 Loom
9:23 Feudal Age
24:02 Double-Bit Axe
33:26 Fletching
38:04 Castle Age
Frankios
8:34 Loom
10:49 Feudal Age
12:14 Double-Bit Axe
12:19 Loom
19:02 Castle Age
17:21 Gold Mining
20:53 Bow Saw
23:06 Horse Collar
23:24 Stone Mining
24:38 Bloodlines
24:30 Husbandry
27:41 Fletching
27:57 Scale Barding Armor
27:59 Heavy Plow
28:46 Pikeman
NoStaks
10:26 Feudal Age
14:05 Castle Age
12:30 Double-Bit Axe
13:50 Horse Collar
14:16 Loom
14:51 Fletching
15:03 Padded Archer Armor
20:19 Bodkin Arrow
27:32 Bow Saw
29:02 Heavy Plow
33:20 Ballistics
35:59 Wheelbarrow
38:06 Imperial Age
dingus
7:14 Loom
9:30 Feudal Age
9:32 Man-at-Arms
11:09 Town Watch
12:02 Double-Bit Axe
14:22 Fletching
24:09 Castle Age
23:07 Gold Mining
23:29 Horse Collar
24:27 Wheelbarrow
24:48 Bodkin Arrow
24:16 Crossbowman
31:14 Bow Saw
31:06 Heavy Plow
35:56 Ballistics
39:39 Imperial Age
MRP9NDA
7:04 Loom
9:18 Feudal Age
10:04 Double-Bit Axe
10:17 Horse Collar
19:46 Castle Age
19:17 Scale Barding Armor
19:52 Gold Mining
20:37 Bow Saw
20:36 Heavy Plow
21:44 Wheelbarrow
22:59 Chain Barding Armor
27:37 Bloodlines
27:28 Husbandry
30:00 Hand Cart
30:08 Forging
30:32 Fletching
32:13 Bodkin Arrow
32:58 Iron Casting
33:50 Town Watch
38:33 Imperial Age
36:24 Town Patrol
Connection lost

Rejoining the realm…

Still unreachable

The connection could not be restored.

Session expired

The server has moved on; the page needs a fresh start.